 Dungeon Crawl Stone Soup version 0.28.0-53-g5a82cb258f (webtiles) character file.

Game seed: 3142031741196114054

303 Infinimo the Magician (level 6, -8/45 HPs)
             Began as a Djinni Conjurer on May 26, 2022.
             Mangled by Crazy Yiuf
             ... wielding a +4 quarterstaff of chaos
              (24 damage)
             ... on level 3 of the Dungeon.
             The game lasted 00:04:29 (3378 turns).

Infinimo the Magician (Djinni Conjurer)             Turns: 3378, Time: 00:04:30

Health: -8/45      AC:  2    Str:  6    XL:     6   Next: 66%
Gold:   102        EV: 11    Int: 22    God:
                   SH:  4    Dex: 11

rFire   + + .      SeeInvis .   (no weapon)
rCold   x . .      Faith    .   h - +0 buckler
rNeg    . . .      Spirit   .   a - +0 robe
rPois   ∞          Reflect  .   (no helmet)
rElec   .          Harm     .   (no cloak)
rCorr   .          Rampage  .   (no gloves)
Will    .....                   (boots unavailable)
Stlth   ++........              (no amulet)
HPRegen 0.15/turn               (no ring)
MPRegen 0.00/turn               (no ring)

@: flying
A: sickness immunity, fire resistance 2, cold vulnerability 1, float, innate
caster, HP casting, extra vitality 1
a: no special abilities


You were on level 3 of the Dungeon.
You visited 1 branch of the dungeon, and saw 3 of its levels.

You collected 102 gold pieces.

Inventory:

Armour
 a - a +0 robe (worn)
 h - a +0 buckler (worn)
Wands
 n - a wand of polymorph (3)
Scrolls
 b - a scroll of amnesia {unknown}
 c - 2 scrolls of enchant armour {unknown}
 d - 3 scrolls of teleportation {unknown}
 f - a scroll of enchant weapon {unknown}
 j - 3 scrolls of identify {unknown}
 k - a scroll of immolation {unknown}
 m - a scroll of magic mapping {unknown}
 q - a scroll of vulnerability {unknown}
Potions
 e - a potion of attraction {unknown}
 g - 2 potions of lignification {unknown}
 i - a potion of mutation {unknown}
 l - a potion of resistance {unknown}
 o - a potion of berserk rage
 p - a potion of brilliance {unknown}


   Skills:
 + Level 2.7 Fighting
 - Level 2.1 Dodging
 - Level 1.6 Stealth
 + Level 2.4 Shields
 * Level 4.8 Spellcasting


You couldn't memorise any spells.
You knew the following spells:

 Your Spells              Type           Power      Damage    Failure   Level
a - Magic Dart            Conj           100%       1d8       1%          1
b - Searing Ray           Conj           52%        2d6       2%          2
c - Dazzling Flash        Conj/Hex       52%        N/A       5%          3
d - Fulminant Prism       Conj/Hex       13%        3d9       19%         4
e - Iskenderun's Mystic   Conj/Tloc      26%        2d7       19%         4
f - Sting                 Tmut/Pois      100%       1d8       1%          1
g - Wereblood             Tmut           26%        N/A       2%          2
Your spell library was empty.

Dungeon Overview and Level Annotations

Branches:
Dungeon (3/15)

Altars:

Shops:
D:2 :

Annotations:
D:3 Crazy Yiuf


Innate Abilities, Weirdness & Mutations

You are immune to sickness and miasma.
You are immune to poison.
Your flesh is very heat resistant. (rF++)
You are vulnerable to cold. (rC-)
You float through the air rather than walking.
You learn spells naturally, not from books.
Your magical power is your life essence.
You have superior vitality. (+4 MHP)


Message History

Press: ? - help, Shift-Dir - straight line, f/p - ball python
Aim: a ball python (moderately wounded, 100% to hit)
The magic dart hits the ball python.
You kill the ball python!
Casting: Magic Dart (safe; 1% risk of failure)
Confirm with . or Enter, or press ? or * to list all spells.
Aiming: Magic Dart (safe; 1% risk of failure)
Press: ? - help, Shift-Dir - straight line, f - rat
Aim: a rat (100% to hit)
The magic dart hits the rat.
You kill the rat!
Casting: Magic Dart (safe; 1% risk of failure)
Confirm with . or Enter, or press ? or * to list all spells.
You can't see any susceptible monsters within range! (Use Z to cast anyway.)
Casting: Magic Dart (safe; 1% risk of failure)
Confirm with . or Enter, or press ? or * to list all spells.
You can't see any susceptible monsters within range! (Use Z to cast anyway.) Partly explored, can't reach some places.
Partly explored, can't reach some places.
Partly explored, can't reach some places.
You hit the fungus but do no damage. You hit the fungus.
The fungus begins to die.
The fungus is lightly damaged.
You hit the fungus.
The fungus is lightly damaged.
You hit the fungus.
The fungus is lightly damaged.
You hit the fungus but do no damage.
The fungus is lightly damaged.
A nearby fungus withers and dies.
Found a mace.
Found a runed translucent door.
Crazy Yiuf waves his quarterstaff at you.
As you open the door, it creaks loudly!
Crazy Yiuf drinks a potion.
Crazy Yiuf goes berserk!
You hit the bush but do no damage.
Crazy Yiuf hits you with a +4 quarterstaff of chaos!!
Crazy Yiuf freezes you!
Crazy Yiuf hits you with a +4 quarterstaff of chaos!!
Ouch! That really hurt!
You die...

## #.#....##.#...#######
#.# # #.........#.........#
###.# #
####....##.....#####.#
#...# #
#............<#....#.#
#.###
###.##....##############
### ....###.#....# ###.#
#.#...###♣♣♣♣♣ #####
#.#.....#P.♣.♣♣♣ ###
....###.#......P@g♣.g♣#...#
###.............P♣♣♣♣.'...#
# #...........#.♣♣ ♣♣#..)#
# #..........##♣♣ ###
###..........#
.............#
.............######## ###
.........###...##.#.###.#
.......#####..†##.#...#.#


You could see Crazy Yiuf (berserk).

Vanquished Creatures
  Sigmund (D:3)
  Jessica (D:2)
  Natasha (twice) (D:3)
  A gnoll (D:1)
  An adder (D:3)
  2 worms
  4 ball pythons
  4 bats
  7 endoplasms
  A giant cockroach (D:1)
  4 goblins
  3 hobgoblins (D:1)
  7 jackals
  2 quokkas
  A frilled lizard (D:1)
  4 kobolds
  4 rats
49 creatures vanquished.

Vanquished Creatures (others)
  A fungus (D:3)
  9 plants (D:3)
  4 toadstools (D:1)
14 creatures vanquished.

Grand Total: 63 creatures vanquished

Notes
Turn   | Place    | Note
-------+----------+-------------------------------------------
     0 | D:1      | Infinimo the Djinni Conjurer began the quest for the Orb.
     0 | D:1      | Reached XP level 1. HP: 15/15 MP: 0/0
   267 | D:1      | Reached XP level 2. HP: 18/21 MP: 0/0
   559 | D:1      | Found a faded altar of an unknown god.
   736 | D:1      | Reached XP level 3. HP: 24/26 MP: 0/0
   736 | D:1      | Learned a level 1 spell: Sting
  1072 | D:1      | Reached skill level 1 in Fighting
  1265 | D:2      | Noticed Jessica
  1269 | D:2      | Killed Jessica
  1270 | D:2      | Reached skill level 4 in Spellcasting
  1270 | D:2      | Reached XP level 4. HP: 28/32 MP: 0/0
  1550 | D:2      | Found Nioskum's Book Shop.
  2415 | D:3      | Reached skill level 1 in Shields
  2625 | D:3      | Noticed Sigmund
  2641 | D:3      | Killed Sigmund
  2642 | D:3      | Reached XP level 5. HP: 20/39 MP: 0/0
  2642 | D:3      | Learned a level 2 spell: Wereblood
  2642 | D:3      | Reached XP level 6. HP: 23/45 MP: 0/0
  2797 | D:3      | Noticed Natasha
  2801 | D:3      | Killed Natasha
  3114 | D:3      | Noticed Natasha
  3118 | D:3      | Killed Natasha
  3366 | D:3      | Found a runed translucent door.
  3367 | D:3      | Noticed Crazy Yiuf
  3378 | D:3      | Mangled by Crazy Yiuf

Illustrated notes

Levels and vault maps discovered:
D:1:      ldierk_water_garden, layout_basic, basic_ecumenical_altar,
          ebering_dispersal_statue_hall, serial_park_tiny_pond
D:2:      layout_basic, serial_shops, nicolae_shop_waterfront, uniq_jessica
D:3:      layout_basic, serial_bayou, serial_bayou_lake_a, serial_bayou_pond_e,
          serial_bayou_shore_a, serial_bayou_pond_e, uniq_crazy_yiuf_cottage,
          uniq_sigmund, uniq_natasha

Skill      XL: |  1  2  3  4 |
---------------+-------------+-----
Fighting       | 1 2 |  2.7
Spellcasting   | 4 |  4.8
Shields        | 2 |  2.4
Dodging        | |  2.1
Stealth        | |  1.6

Action                   |  1- 3 |  4- 6 || total
-------------------------+-------+-------++-------
Melee: Unarmed           |     2 |     6 ||     8
 Cast: Magic Dart        |    46 |    66 ||   112
       Sting             |     2 |     5 ||     7
Armor: Robe              |       |     1 ||     1
Dodge: Dodged            |     4 |     5 ||     9
Block: Buckler           |       |     1 ||     1
